 Dungeon Crawl Stone Soup version 0.21.1-1-g345015f (webtiles) character file.

116 spiff the Skirmisher (level 4, 0/34 HPs)
             Began as a Demonspawn Monk on July 25, 2018.
             Was a Believer of Hepliaklqana.
             Killed from afar by Sigmund (3 damage)
             ... with a magic dart
             ... on level 3 of the Dungeon.
             The game lasted 00:06:30 (2020 turns).

spiff the Skirmisher (Demonspawn Monk)              Turns: 2020, Time: 00:06:31

Health: 0/34       AC:  8    Str: 12    XL:     4   Next: 69%
Magic:  13/13      EV:  6    Int: 12    God:    Hepliaklqana [**....]
Gold:   65         SH:  0    Dex: 19    Spells: 3/3 levels left

rFire    . . .     SeeInvis .   a - +0 mace
rCold    + . .     Gourm    .   (no shield)
rNeg     . . .     Faith    .   r - +0 chain mail
rPois    .         Spirit   .   (no helmet)
rElec    .         Reflect  .   (no cloak)
rCorr    .         Harm     .   (no gloves)
MR       .....                  (no boots)
Stlth    ..........             (no amulet)
HPRegen  0.11/turn              q - +4 ring of dexterity
MPRegen  0.13/turn              h - ring of magical power

@: no status effects
A: reduced essence, cold resistance 1, rot immunity
a: Recall Ancestor, Ancestor Identity, Renounce Religion


You were on level 3 of the Dungeon.
You worshipped Hepliaklqana.
Hepliaklqana was pleased with you.
You were not hungry.

You visited 1 branch of the dungeon, and saw 3 of its levels.

You collected 65 gold pieces.

Inventory:

Hand Weapons
 a - a +0 mace (weapon)
Armour
 b - a +0 robe
 r - a +0 chain mail (worn)
Jewellery
 h - a ring of magical power (right hand)
 q - a +4 ring of dexterity (left hand)
Scrolls
 d - 3 scrolls of fog {unknown}
 e - 2 scrolls of identify
 f - 2 scrolls of teleportation {unknown}
 k - a scroll of noise {unknown}
 l - 2 scrolls of amnesia {unknown}
 m - 3 scrolls of remove curse {unknown}
 n - a scroll of enchant weapon {unknown}
 t - 2 scrolls of fear {unknown}
Potions
 g - a potion of magic
 i - a potion of brilliance
 o - a potion of invisibility
 p - a potion of haste {unknown}
 s - 2 potions of flight {unknown}
Comestibles
 c - 5 rations
 j - 3 chunks of flesh


   Skills:
 * Level 4.4 Fighting
 * Level 4.0 Maces & Flails
 - Level 2.6 Dodging
 - Level 1.7 Stealth


You had 3 spell levels left.
You didn't know any spells.

Dungeon Overview and Level Annotations

Branches:
Dungeon (3/15)

Altars:
Hepliaklqana
Qazlal

Annotations:
D:3 Sigmund


Innate Abilities, Weirdness & Mutations

Your flesh is cold resistant. (rC+)
You are immune to rotting.
Your life essence is reduced to manifest your ancestor. (-10% HP)


Message History

Sigmund casts a spell at you.
You are confused.
The orc wizard mumbles some strange words.
The orc wizard blinks!
Sigmund hits you but does no damage. Sigmund casts a spell at you.
The puff of flame hits you!
* * * LOW HITPOINT WARNING * * *
Sigmund hits you from afar with a scythe.
* * * LOW HITPOINT WARNING * * *
You're too confused to move!
You feel less confused. Sigmund closely misses you.
You hit Sigmund but do no damage.
Sigmund is almost dead.
Sigmund closely misses you.
You barely miss Sigmund.
Sigmund is almost dead.
Sigmund points at you and mumbles some strange words.
The magic dart hits you!
You die...

....# #...# ##...#
....# #oo.# #o# #o#
#@#### ###.@..##
...###### #.......#
.......># #.......#
##.####.# #.......#
#(#####.#####
#.#...#.#
#.#.###.######
#.#............
#.####.#.###.#######


You could see Sigmund, an orc wizard and 2 orcs.

Vanquished Creatures
  Natasha (D:2)
  Terence (D:2)
  An adder (D:2)
  A dart slug (D:1)
  An orc (D:3)
  5 bats
  2 giant cockroaches (D:1)
  5 goblins
  4 hobgoblins
  3 kobolds
  2 quokkas (D:2)
  5 rats (D:1)
31 creatures vanquished.

Vanquished Creatures (collateral kills)
  Natasha (D:2)
1 creature vanquished.

Vanquished Creatures (others)
  A battlemage (D:3)
1 creature vanquished.

Grand Total: 33 creatures vanquished

Notes
Turn   | Place    | Note
-------+----------+-------------------------------------------
     0 | D:1      | spiff the Demonspawn Monk began the quest for the Orb.
     0 | D:1      | Reached XP level 1. HP: 18/18 MP: 1/1
   338 | D:1      | Gained mutation: Your flesh is cold resistant. (rC+) [demonic ancestry]
   338 | D:1      | Reached XP level 2. HP: 24/24 MP: 2/2
   825 | D:2      | Noticed Terence
  1180 | D:2      | Gained mutation: You are immune to rotting. [demonic ancestry]
  1180 | D:2      | Reached XP level 3. HP: 16/30 MP: 3/3
  1583 | D:2      | Killed Terence
  1736 | D:2      | Found a faded altar of an unknown god.
  1764 | D:2      | Became a worshipper of Hepliaklqana the Forgotten
  1764 | D:2      | Reached * piety under Hepliaklqana
  1764 | D:2      | Reached ** piety under Hepliaklqana
  1766 | D:2      | Remembered your ancestor Ælfthryth as a battlemage
  1860 | D:2      | Found a stormy altar of Qazlal.
  1890 | D:2      | Noticed Natasha
  1895 | D:2      | Killed Natasha
  1895 | D:2      | Reached XP level 4. HP: 30/33 MP: 4/4
  1907 | D:2      | Noticed Natasha
  1913 | D:2      | Killed Natasha
  1990 | D:3      | Noticed Sigmund
  2020 | D:3      | Killed from afar by Sigmund

Skill      XL: |  1  2  3  4 |
---------------+-------------+-----
Maces & Flails | 3 4 |  4.0
Fighting       | 4 |  4.4
Dodging        | |  2.6
Stealth        | |  1.7

Action                   |  1- 3 |  4- 6 || total
-------------------------+-------+-------++-------
Melee: Mace              |   129 |    12 ||   141
Invok: Ancestor Life: Ba |     1 |       ||     1
       Ancestor Identity |     1 |       ||     1
  Use: Scroll            |     4 |       ||     4
       Potion            |     1 |       ||     1
 Stab: Sleeping          |     3 |       ||     3
       Distracted        |       |     1 ||     1
  Eat: Chunk             |     3 |     1 ||     4
Armor: Robe              |    15 |       ||    15
       Skin              |    28 |       ||    28
       Chain mail        |    13 |     8 ||    21
Dodge: Dodged            |    81 |     5 ||    86
